 Dungeon Crawl Stone Soup version 0.25-a0-341-g6f074c887a (webtiles) character file.

Game seed: 17375811331109387881, levelgen mode: deterministic

1204 pk666 the Thaumaturge (level 8, -15/61 HPs)
             Began as a Deep Elf Wizard on Dec 30, 2019.
             Was an Initiate of Vehumet.
             Demolished by a mummy (17 damage)
             ... in an ossuary.
             The game lasted 00:18:44 (7149 turns).

pk666 the Thaumaturge (Deep Elf Wizard)             Turns: 7149, Time: 00:18:44

Health: -15/61     AC:  4    Str:  9    XL:     8   Next: 21%
Magic:  5/22       EV: 13    Int: 26    God:    Vehumet [......]
Gold:   212        SH:  0    Dex: 13    Spells: 12/23 levels left

rFire    . . .     SeeInvis +   H - staff of summoning
rCold    + . .     Gourm    .   (no shield)
rNeg     . . .     Faith    .   a - +0 robe
rPois    .         Spirit   .   b - +0 hat
rElec    .         Reflect  .   (no cloak)
rCorr    .         Harm     .   A - +0 pair of gloves
MR       .....                  u - +0 pair of boots
Stlth    ..........             (no amulet)
HPRegen  0.20/turn              n - ring of protection from cold
MPRegen  0.18/turn              v - ring of see invisible

@: berserking (expiring), very slightly contaminated, very quick
A: no striking features
a: Renounce Religion


You were in an ossuary.
You worshipped Vehumet.
Vehumet was noncommittal.
You were very hungry.

You visited 2 branches of the dungeon, and saw 7 of its levels.
You also visited: Ossuary.

You collected 212 gold pieces.

Inventory:

Hand Weapons
 k - a +0 dagger
Armour
 a - a +0 robe (worn)
 b - a +0 hat (worn)
 u - a +0 pair of boots (worn)
 A - a +0 pair of gloves (worn)
Magical Staves
 H - an uncursed staff of summoning (weapon)
Jewellery
 n - a ring of protection from cold (left hand)
 r - an uncursed ring of stealth
 v - a ring of see invisible (right hand)
Wands
 D - a wand of digging (2)
 G - a wand of iceblast (12)
Scrolls
 e - 3 scrolls of enchant weapon {unknown}
 f - 3 scrolls of remove curse {unknown}
 h - 2 scrolls of magic mapping {unknown}
 j - 8 scrolls of identify {unknown}
 p - 2 scrolls of teleportation {unknown}
 t - a scroll of fog {unknown}
 y - 2 scrolls of enchant armour {unknown}
 B - 2 scrolls of blinking {unknown}
 C - a scroll of amnesia {unknown}
 E - a scroll of random uselessness {unknown}
Potions
 c - a potion of haste {unknown}
 g - a potion of might {unknown}
 i - a potion of berserk rage
 l - 2 potions of brilliance {unknown}
 m - a potion of flight {unknown}
 o - 2 potions of ambrosia {unknown}
 q - 2 potions of invisibility {unknown}
 s - 2 potions of heal wounds {unknown}
 w - a potion of resistance {unknown}
 x - a potion of degeneration {unknown}
 z - a potion of curing {unknown}
 F - a potion of mutation {unknown}
Comestibles
 d - 12 rations


   Skills:
 - Level 3.2 Dodging
 - Level 2.4 Stealth
 + Level 8.2 Spellcasting
 + Level 5.7 Conjurations
 - Level 2.0 Summonings
 - Level 1.1 Translocations
 + Level 5.1 Fire Magic
 - Level 2.2 Air Magic
 - Level 2.0 Poison Magic


You had 12 spell levels left.
You knew the following spells:

 Your Spells              Type           Power        Failure   Level  Hunger
a - Magic Dart            Conj           ####         1%          1    None
b - Blink                 Tloc           N/A          5%          2    None
c - Conjure Flame         Conj/Fire      #####...     1%          3    None
d - Mephitic Cloud        Conj/Pois/Air  ####....     4%          3    None
e - Call Imp              Summ           ####....     3%          2    None

Your spell library contained the following spells:

 Spells                   Type           Power        Failure   Level  Hunger
 Slow                     Hex            ##......     9%          2    None


Dungeon Overview and Level Annotations

Branches:
Dungeon (6/15)             Temple (1/1) D:6         Ossuary (1/1)

Altars:
Dithmenos
Elyvilon
Gozag
Hepliaklqana
Makhleb
Qazlal
Sif Muna
Trog
Vehumet
Wu Jian
Xom
Yredelemnul
Zin
The Shining One

Annotations:
D:3 3 runed translucent doors, Borgoz's ghost, amateur GrFi
D:4 exclusion: ogre


Message History

You blink.
The human zombie hits you but does no damage.
Casting: Blink (safe; 5% risk of failure)
Confirm with . or Enter, or press ? or * to list all spells.
You miscast Blink.
You are very lightly contaminated with residual magic.
You feel uncomfortable. The human zombie hits you.
* * * LOW HITPOINT WARNING * * *
The human zombie hits you.
* * * LOW HITPOINT WARNING * * *
It was a potion of berserk rage.
A red film seems to cover your vision as you go berserk!
You feel yourself moving faster!
You feel mighty! The centaur zombie hits you.
* * * LOW HITPOINT WARNING * * *
The human zombie hits you but does no damage.
The centaur zombie misses you. The human zombie barely misses you.
You are too berserk!
You feel a strong urge to attack something.
The mummy hits you!
You die...

### ###.###
##.....## #.ZZZ...#
#.MZZZ..# #.@.M...#
##.....## ###.###
#'# ###.### ####
##.....## #...##
#.......# .....#
##...∩..5###.....##
+...∩∩∩...ZZM.....#


You could see 2 mummies, 2 centaur zombies and 4 human zombies.

Vanquished Creatures
  Sigmund (D:6)
  An ogre (D:5)
  3 centaurs (D:5)
  A crocodile (D:6)
  2 bullfrogs (D:6)
  An elf skeleton (D:6)
  A howler monkey (D:5)
  A jelly (D:5)
  A hound (D:5)
  An iguana (D:3)
  A human skeleton (D:6)
  2 worker ants (D:5)
  A hound zombie (D:5)
  A worker ant zombie (D:5)
  4 adders
  3 gnolls (D:4)
  2 river rats (D:4)
  A shadow imp (D:5)
  2 oozes
  An adder skeleton (D:4)
  A worm (D:3)
  4 dart slugs
  3 leopard geckos
  4 orcs
  4 ball pythons
  3 giant cockroaches
  6 goblins
  8 hobgoblins
  2 jackals (D:1)
  6 kobolds
  4 quokkas
  6 bats
  3 frilled lizards
  A jackal skeleton (D:5)
  An orc zombie (D:6)
  7 rats
94 creatures vanquished.

Vanquished Creatures (collateral kills)
  A phantom (D:4)
  A river rat (D:4)
2 creatures vanquished.

Vanquished Creatures (others)
  A plant (D:5)
1 creature vanquished.

Grand Total: 97 creatures vanquished

Notes
Turn   | Place    | Note
-------+----------+-------------------------------------------
     0 | D:1      | pk666 the Deep Elf Wizard began the quest for the Orb.
     0 | D:1      | Reached XP level 1. HP: 10/10 MP: 7/7
   295 | D:1      | Reached XP level 2. HP: 14/15 MP: 4/9
  1128 | D:2      | Reached XP level 3. HP: 19/19 MP: 8/11
  1132 | D:2      | Learned a level 2 spell: Blink
  1136 | D:2      | Learned a level 3 spell: Conjure Flame
  1140 | D:2      | Learned a level 3 spell: Mephitic Cloud
  1143 | D:2      | Learned a level 2 spell: Call Imp
  1161 | D:2      | Noticed an ice beast
  1203 | D:2      | Reached skill level 5 in Spellcasting
  1965 | D:2      | Reached XP level 4. HP: 24/24 MP: 11/13
  2380 | D:3      | Reached skill level 1 in Air Magic
  2474 | D:3      | Found a stormy altar of Qazlal.
  2528 | D:3      | Reached skill level 1 in Poison Magic
  2537 | D:3      | Reached skill level 1 in Fire Magic
  2581 | D:3      | Found a runed translucent gate.
  2581 | D:3      | Found a runed translucent gate.
  2581 | D:3      | Found a runed translucent gate.
  3034 | D:3      | Noticed Borgoz's ghost (amateur GrFi)
  3095 | D:4      | Noticed an ogre
  3214 | D:4      | Noticed a phantom
  3521 | D:4      | Reached XP level 5. HP: 16/28 MP: 6/14
  3810 | D:4      | HP: 1/28 [phantom (6)]
  3812 | D:4      | Killed a phantom
  4471 | D:4      | Reached XP level 6. HP: 19/32 MP: 3/16
  4864 | D:5      | Entered Level 5 of the Dungeon
  4897 | D:5      | Reached skill level 6 in Spellcasting
  5134 | D:5      | Found a glowing silver altar of Zin.
  5512 | D:5      | Reached XP level 7. HP: 36/36 MP: 10/18
  5642 | D:5      | Reached skill level 7 in Spellcasting
  6232 | D:6      | Noticed Sigmund
  6244 | D:6      | Killed Sigmund
  6244 | D:6      | Reached skill level 5 in Conjurations
  6505 | D:6      | Found a staircase to the Ecumenical Temple.
  6515 | D:6      | Reached XP level 8. HP: 40/41 MP: 14/21
  6521 | Temple   | Entered the Ecumenical Temple
  6571 | Temple   | Became a worshipper of Vehumet
  6619 | D:6      | Reached skill level 8 in Spellcasting
  6879 | D:6      | Reached skill level 5 in Fire Magic
  6900 | D:6      | Found a sand-covered staircase.
  6947 | Ossuary  | Entered an ossuary
  7146 | Ossuary  | HP: 2/41 [human zombie (1)]
  7149 | Ossuary  | Demolished by a mummy

Levels and vault maps discovered:
D:1:      eino_arrival_druids_welcome, layout_rooms, serial_curves,
          eino_curves_02, eino_curves_03
D:2:      wander_river, layout_basic
D:3:      layout_basic, first_ration, gammafunk_ghost_icy,
          nicolae_qazlal_general_emergency
D:4:      layout_basic, portal_sewer_entry_e
D:5:      layout_loops_ring, lemuel_doored_altar, serial_bayou,
          serial_bayou_pond_d, serial_bayou_ford_a, serial_bayou_lagoon_a,
          serial_bayou_pond_e, serial_bayou_lagoon_b
D:6:      layout_rooms, kennysheep_okawaru_gauntlet,
          nicolae_overflow_hidden_temple, temple_statues,
          nicolae_ossuary_entry_catacombs, serial_corexii_hall,
          chequers_hall_statues_y, corexii_hall_statues_l,
          corexii_hall_statues_t, uniq_sigmund
Temple:   nicolae_temple_god_jail
Ossuary:  ossuary_minmay_four_chambers

Skill      XL: |  1  2  3  4  5  6  7  8 |
---------------+-------------------------+-----
Dodging        | 3 |  3.2
Conjurations   | 2 3 4 5 |  5.7
Spellcasting   | 5 6 7 8 |  8.2
Air Magic      | 1 2 |  2.2
Poison Magic   | 1 2 |  2.0
Fire Magic     | 1 2 3 4 5 |  5.1
Summonings     | 2 |  2.0
Stealth        | |  2.4
Translocations | |  1.1

Action                   |  1- 3 |  4- 6 |  7- 9 || total
-------------------------+-------+-------+-------++-------
Melee: Dagger            |       |     5 |     3 ||     8
       Staff             |       |       |     1 ||     1
 Cast: Magic Dart        |   102 |   162 |    96 ||   360
       Blink             |     2 |     2 |     5 ||     9
       Mephitic Cloud    |       |     5 |     5 ||    10
       Call Imp          |       |     6 |     7 ||    13
       Conjure Flame     |       |     8 |     6 ||    14
  Use: Potion            |       |       |     1 ||     1
 Stab: Confused          |       |       |     1 ||     1
  Eat: Chunk             |     2 |     8 |     1 ||    11
       Ration            |       |     1 |     1 ||     2
Armor: Robe              |     7 |     4 |    10 ||    21
Dodge: Dodged            |    31 |    37 |    41 ||   109

Table legend:
 A = Non-vault XP
 B = Vault XP
 C = Vault XP percentage of total XP
 D = Non-vault monster count
 E = Vault monster count
 F = Vault count percentage of total count
                 A         B        C        D         E       F
            +---------+---------+-------+---------+---------+-------
      Total |    1365 |     356 |  20.7 |      85 |      11 |  11.5
            +---------+---------+-------+---------+---------+-------
        D:1 |      40 |       0 |   0.0 |      19 |       0 |   0.0
        D:2 |      59 |       0 |   0.0 |      18 |       0 |   0.0
        D:3 |      84 |       0 |   0.0 |      17 |       0 |   0.0
        D:4 |     172 |      36 |  17.3 |       9 |       7 |  43.8
        D:5 |     718 |       0 |   0.0 |      15 |       0 |   0.0
        D:6 |     292 |     320 |  52.3 |       7 |       4 |  36.4
            +---------+---------+-------+---------+---------+-------
